 Dungeon Crawl Stone Soup version 0.30.0-29-ga12c61a403 (webtiles) character file.

Game seed: 2222007339733075365

72 McKennaii the Conjurer (level 3, -1/26 HPs)
             Began as a Demigod Conjurer on June 8, 2023.
             Slain by Pargi (4 damage)
             ... in a sewer.
             The game lasted 00:01:13 (1875 turns).

McKennaii the Conjurer (Demigod Conjurer)           Turns: 1875, Time: 00:01:14

Health: -1/26      AC:  2    Str:  8    XL:     3   Next: 80%
Magic:  7/10       EV: 12    Int: 24    God:
Gold:   121        SH:  0    Dex: 12    Spells: 4/7 levels left

rFire   . . .        r - staff of cold
rCold   + . .        (no shield)
rNeg    . . .        a - +0 robe
rPois   .            (no helmet)
rElec   .            (no cloak)
rCorr   .            (no gloves)
SInv    .            (no boots)
Will    .....        m - amulet of magic regeneration
Stlth   +            (no ring)
HPRegen 0.24/turn    (no ring)
MPRegen 0.52/turn

%: no passive effects
@: very slow
A: high MP 1, forlorn, divine attributes
a: no special abilities


You were in a sewer.
You visited 1 branch of the dungeon, and saw 3 of its levels.
You also visited: Sewer.

You collected 121 gold pieces.

Inventory:

Missiles
 j - a throwing net
Armour
 a - a +0 robe (worn)
Magical Staves
 r - a staff of cold (weapon)
Jewellery
 m - an amulet of magic regeneration (around neck)
Scrolls
 c - 5 scrolls of identify {unknown}
 e - 2 scrolls of immolation {unknown}
 g - a scroll of noise {unknown}
 k - a scroll of magic mapping {unknown}
 n - a scroll of poison {unknown}
 p - a scroll of acquirement {unknown}
Potions
 b - a potion of magic
 d - 2 potions of curing {unknown}
 f - a potion of degeneration {unknown}
 h - 2 potions of resistance {unknown}
 i - 2 potions of attraction {unknown}
 l - a potion of might {unknown}
 o - a potion of heal wounds {unknown}
 q - a potion of ambrosia {unknown}


   Skills:
 - Level 1.7 Dodging
 - Level 1.7 Stealth
 + Level 2.9 Spellcasting
 + Level 4.4 Conjurations


You had 4 spell levels left.
You knew the following spells:

 Your Spells              Type           Power      Damage    Failure   Level
a - Magic Dart            Conj           96%        1d7       1%          1
b - Searing Ray           Conj           48%        2d6       2%          2

Your spell library contained the following spells:

 Spells                   Type           Power      Damage    Failure   Level
 Sandblast                Erth           6%         2d5       11%         1
 Dazzling Flash           Conj/Hex       28%        N/A       13%         3
 Stone Arrow              Conj/Erth      28%        3d8       13%         3
 Passwall                 Tmut/Erth      2%         N/A       17%         2
 Fulminant Prism          Conj/Hex       7%         3d7       41%         4
 Iskenderun's Mystic Bla  Conj/Tloc      14%        2d5       41%         4


Dungeon Overview and Level Annotations

Branches:
Dungeon (3/15)              Sewer (1/1)

Shops:
D:3 ?

Annotations:
Sewer Pargi


Innate Abilities, Weirdness & Mutations

You have an increased reservoir of magic. (+10% MP)
You shall have no god before yourself.
Your divine heritage dramatically boosts your attributes as you level up.


Message History

The magic dart hits the frilled lizard.
You kill the frilled lizard!
You can't see any susceptible monsters within range! (Use Z to cast anyway.)
You can't see any susceptible monsters within range! (Use Z to cast anyway.) Magic restored.
A frilled lizard comes into view.
The magic dart hits the frilled lizard.
You kill the frilled lizard!
You enter the shallow water.
Moving in this stuff is going to be slow.
Key pressed, stopping explore.
You can't see any susceptible monsters within range! (Use Z to cast anyway.)
You enter the shallow water.
Moving in this stuff is going to be slow.
Pargi the Meek comes into view.
The magic dart hits Pargi.
Pargi is lightly wounded.
Pargi closely misses you. Pargi claws you but does no damage. Pargi claws you.
Pargi is nearby!
The magic dart hits Pargi.
Pargi is lightly wounded.
Pargi misses you. Pargi claws you. x2
Unknown command.
Casting: Magic Dart (safe; 1% risk of failure)
Confirm with . or Enter, or press ? or * to list all spells.
Aiming: Searing Ray (safe; 2% risk of failure)
Press: ? - help, Shift-Dir - straight line, f/p - Pargi
Aim: Pargi (lightly wounded, 74% to hit)
The searing ray hits Pargi!
Pargi is moderately wounded. (Press . to maintain the ray.) Pargi bites you!
Pargi claws you. Pargi barely misses you.
The searing ray hits Pargi!
Pargi is heavily wounded.
Pargi bites you.
* * * LOW HITPOINT WARNING * * *
Pargi claws you.
* * * LOW HITPOINT WARNING * * *
Pargi claws you.
You die...

#.∩∩###~~≈≈≈≈≈≈≈≈≈≈≈#
##..# #..≈≈≈≈≈≈≈≈≈≈≈≈
#### ###.≈≈≈≈≈≈≈≈≈≈≈
#~≈≈≈≈≈≈≈≈≈≈≈
##~~≈≈≈≈≈≈≈≈#
##..≈≈≈≈≈≈≈#
###~≈≈≈≈≈≈# #~≈≈≈≈≈≈#
#@≈≈≈≈≈≈≈ #T≈≈≈≈≈≈≈
.≈≈≈≈≈≈≈# .≈≈≈≈≈≈≈≈#
#~≈≈≈≈≈≈≈≈#
.≈≈≈≈≈≈≈≈≈#
~≈≈≈≈≈≈≈≈≈##
#.≈≈≈≈≈≈≈≈≈#


You could see Pargi.

Vanquished Creatures
  Natasha (D:3)
  An adder (D:2)
  3 bats
  6 endoplasms
  8 giant cockroaches
  A goblin (D:3)
  4 hobgoblins
  A kobold (D:1)
  2 quokkas (D:2)
  2 ball pythons (D:1)
  4 frilled lizards
33 creatures vanquished.

Notes
Turn   | Place    | Note
-------+----------+-------------------------------------------
     0 | D:1      | McKennaii the Demigod Conjurer began the quest for the Orb.
     0 | D:1      | Reached XP level 1. HP: 14/14 MP: 5/5
   365 | D:1      | Reached XP level 2. HP: 20/20 MP: 4/7
   801 | D:1      | Reached skill level 4 in Conjurations
  1456 | D:3      | Reached XP level 3. HP: 26/26 MP: 7/9
  1589 | D:3      | Noticed Natasha
  1596 | D:3      | HP: 1/26 [Natasha/magic dart (9)]
  1597 | D:3      | Killed Natasha
  1609 | D:3      | Learned a level 2 spell: Searing Ray
  1729 | D:3      | Found Olen's Magic Scroll Shoppe.
  1835 | D:3      | Found a glowing drain.
  1853 | Sewer    | Entered a sewer
  1871 | Sewer    | Noticed Pargi
  1875 | Sewer    | Slain by Pargi

Illustrated notes

Levels and vault maps discovered:
D:1:      onia_arrival_handbag, layout_loops_ring,
          hangedman_abyss_or_decor_lesser_grid
D:2:      layout_rooms, serial_corexii_hall, chequers_hall_statues_corner_a,
          chequers_hall_statues_corner_a, chequers_hall_statues_corner_a,
          chequers_hall_statues_corner_a
D:3:      layout_rooms, portal_sewer_entry_f, serial_shops, shop, uniq_natasha
Sewer:    sewer_co_pargi_island

Skill      XL: |  1  2 |
---------------+-------+-----
Spellcasting   | 2 |  2.9
Conjurations   | 4 |  4.4
Dodging        | |  1.7
Stealth        | |  1.7

Action                     || total
---------------------------++-------
  Melee: Unarmed           ||    14
   Cast: Magic Dart        ||    85
         Searing Ray       ||     1
 Armour: Robe              ||     8
  Dodge: Dodged            ||    33
